 Dungeon Crawl Stone Soup version 0.30.1-11-g7821555f0a (webtiles) character file.

Game seed: 10044712835745377409

34 groovy9 the Trooper (level 3, -1/33 HPs)
             Began as a Minotaur Fighter on Jan 11, 2024.
             Slain by a gnoll bouda
             ... wielding a +0 club
              (8 damage)
             ... on level 2 of the Dungeon.
             The game lasted 00:01:48 (901 turns).

groovy9 the Trooper (Minotaur Fighter)               Turns: 901, Time: 00:01:49

Health: -1/33      AC:  7    Str: 22    XL:     3   Next: 14%
Magic:  2/2        EV:  9    Int:  5    God:
Gold:   19         SH:  4    Dex:  9    Spells: 2/2 levels left

rFire   . . .        a - +0 war axe
rCold   . . .        c - +0 buckler
rNeg    . . .        b - +0 scale mail
rPois   .            (helmet restricted)
rElec   .            (no cloak)
rCorr   .            (no gloves)
SInv    .            (no boots)
Will    .....        (no amulet) Stlth
                     (no ring)
HPRegen 0.25/turn    (no ring)
MPRegen 0.08/turn

%: no passive effects
@: mighty, weakened
A: horns 2, retaliatory headbutt
a: no special abilities


You were on level 2 of the Dungeon.
You visited 1 branch of the dungeon, and saw 2 of its levels.

You collected 19 gold pieces.

Inventory:

Hand Weapons
 a - a +0 war axe (weapon)
Armour
 b - a +0 scale mail (worn)
 c - a +0 buckler (worn)
Scrolls
 e - a scroll of teleportation {unknown}
 h - a scroll of poison {unknown}
Potions
 d - a potion of might
 f - a potion of haste {unknown}
 g - a potion of lignification {unknown}
 i - a potion of heal wounds {unknown}
 j - a potion of curing {unknown}


   Skills:
 + Level 4.0 Fighting
 * Level 3.6 Axes
 + Level 4.0 Armour
 - Level 3.6 Shields


You had 2 spell levels left.
You didn't know any spells.
Your spell library was empty.

Dungeon Overview and Level Annotations

Branches:
Dungeon (2/15)

Altars:


Innate Abilities, Weirdness & Mutations

You have a pair of horns on your head.
You reflexively headbutt those who attack you in melee.


Message History

You are too injured to fight recklessly!
You are too injured to fight recklessly!
You are too injured to fight recklessly!
You are too injured to fight recklessly!
You are too injured to fight recklessly!
You are too injured to fight recklessly!
You are too injured to fight recklessly!
You are too injured to fight recklessly!
You are too injured to fight recklessly!
You are too injured to fight recklessly!
You are too injured to fight recklessly!
You are too injured to fight recklessly!
You are too injured to fight recklessly!
You are too injured to fight recklessly!
You hit the gnoll bouda but do no damage.
The gnoll bouda is heavily wounded.
You block the gnoll bouda's attack. The gnoll bouda closely misses you.
You hit the gnoll bouda.
The gnoll bouda is severely wounded.
The gnoll bouda gazes fiercely through you!
You feel as though you will be weak longer.
The gnoll bouda hits you but does no damage.
You barely miss the gnoll bouda.
The gnoll bouda is severely wounded.
The gnoll is no longer moving quickly.
The gnoll bouda barks out a call to the hunt!
The gnoll picks up the pace!
You barely miss the gnoll bouda.
The gnoll bouda is severely wounded.
The gnoll bouda hits you with a +0 club!
You closely miss the gnoll bouda. You headbutt the gnoll bouda.
The gnoll bouda is almost dead.
The gnoll bouda hits you with a +0 club!
* * * LOW HITPOINT WARNING * * *
You block the gnoll bouda's attack.
You feel very mighty all of a sudden.
The gnoll bouda gazes fiercely through you!
You feel as though you will be weak longer.
The gnoll bouda hits you with a +0 club!
You die...

.# #.# #.# #.# #.# #
#.# #g###.# #gg@..#
#####.# ####.#
######....#
#.........#
#####)........#
#...'......##.#
######.###†.....##.#
.†..<#.#....######.#


You could see a gnoll bouda and 2 gnolls.

Vanquished Creatures
  A gnoll (D:2)
  2 dart slugs
  An endoplasm (D:2)
  2 giant cockroaches (D:1)
  3 goblins (D:1)
  2 kobolds (D:1)
  4 bats
  4 frilled lizards (D:1)
  3 rats (D:1)
22 creatures vanquished.

Notes
Turn   | Place    | Note
-------+----------+-------------------------------------------
     0 | D:1      | groovy9 the Minotaur Fighter began the quest for the Orb.
     0 | D:1      | Reached XP level 1. HP: 19/19 MP: 0/0
   243 | D:1      | Found a faded altar of an unknown god.
   377 | D:1      | Reached XP level 2. HP: 27/27 MP: 1/1
   891 | D:2      | Reached XP level 3. HP: 28/33 MP: 2/2
   901 | D:2      | Slain by a gnoll bouda

Illustrated notes

Levels and vault maps discovered:
D:1:      evilmike_arrival_plus, layout_loops_corners,
          ebering_ecumenical_altar_petrified
D:2:      layout_basic, serial_shops, shop, minmay_strange_pillars, uniq_terence

Skill      XL: |  1  2 |
---------------+-------+-----
Axes           | 3 |  3.6
Fighting       | 4 |  4.0
Armour         | 4 |  4.0
Shields        | |  3.6

Action                     || total
---------------------------++-------
  Melee: War axe           ||    65
         Headbutt          ||     8
    Use: Potion            ||     1
 Armour: Scale mail        ||    29
  Dodge: Dodged            ||    24
  Block: Buckler           ||    13
